 Dungeon Crawl Stone Soup version 0.32-a0-41-gec2d92a32c (webtiles) character file.

Game seed: 13392554500561557966

518 cforsyth the Trooper (level 7, -1/54 HPs)
             Began as a Djinni Enchanter on Jan 25, 2024.
             Slain by a sleepcap (4 damage)
             ... on level 5 of the Dungeon.
             The game lasted 00:08:12 (5775 turns).

cforsyth the Trooper (Djinni Enchanter)             Turns: 5775, Time: 00:08:13

Health: -1/54      AC:  3    Str:  7    XL:     7   Next: 45%
Gold:   445        EV: 12    Int: 18    God:
                   SH:  0    Dex: 14

rFire   + + .        a - +1 dagger
rCold   x . .        (no shield)
rNeg    . . .        b - +1 robe
rPois   ∞            (no helmet)
rElec   .            (no cloak)
rCorr   .            (no gloves)
SInv    .            (boots unavailable)
Will    .....        (no amulet)
Stlth   ++           (no ring)
HPRegen 0.29/turn    (no ring)
MPRegen 0.00/turn

%: infuse magic (-2 HP)
@: flying
A: sickness immunity, fire resistance 2, cold vulnerability 1, float, innate
caster, HP casting, extra vitality 1
a: no special abilities


You were on level 5 of the Dungeon.
You visited 1 branch of the dungeon, and saw 5 of its levels.
You also visited: Ossuary.

You collected 445 gold pieces.

Inventory:

Hand Weapons
 a - a +1 dagger (weapon)
Armour
 b - a +1 robe (worn)
Magical Staves
 s - a staff of cold
Jewellery
 o - a +6 ring of intelligence
 r - a +6 ring of dexterity
Scrolls
 e - a scroll of silence
 p - a scroll of torment {unknown}
Potions
 c - 3 potions of invisibility
 d - 2 potions of might
 f - 3 potions of mutation
 g - a potion of cancellation {unknown}
 h - 3 potions of curing
 i - a potion of attraction {unknown}
 j - a potion of haste {unknown}
 k - 3 potions of heal wounds
 l - a potion of magic {unknown}
 n - 2 potions of lignification
 q - 2 potions of resistance


   Skills:
 + Level 5.1 Fighting
 - Level 0.8 Short Blades
 - Level 2.1 Dodging
 - Level 2.4 Stealth
 + Level 4.9 Spellcasting
 + Level 4.9 Conjurations
 + Level 4.9 Hexes
 + Level 4.9 Summonings
 + Level 4.9 Necromancy
 + Level 4.9 Translocations
 + Level 4.9 Fire Magic
 + Level 4.9 Ice Magic
 + Level 4.9 Air Magic
 + Level 4.9 Earth Magic
 + Level 4.9 Alchemy


You knew the following spells:

 Your Spells              Type           Power      Damage    Failure   Level
a - Ensorcelled Hibernat  Hex/Ice        44%        N/A       2%          2
b - Confusing Touch       Hex            22%        N/A       5%          3
c - Tukima's Dance        Hex            22%        N/A       5%          3
d - Dazzling Flash        Conj/Hex       44%        N/A       5%          3
e - Magic Dart            Conj           88%        1d7       1%          1
f - Mercury Vapours       Alch/Air       44%        N/A       2%          2
g - Sigil of Binding      Hex            22%        N/A       5%          3
Your spell library was empty.

Dungeon Overview and Level Annotations

Branches:
Dungeon (5/15)            Ossuary (visited)
 Temple: D:4-7

Altars:
Hepliaklqana
Ru
Xom

Shops:
D:3 !


Innate Abilities, Weirdness & Mutations

You are immune to sickness and miasma.
You are immune to poison.
Your flesh is very heat resistant. (rF++)
You are vulnerable to cold. (rC-)
You float through the air rather than walking.
You learn spells naturally, not from books.
Your magical power is your life essence.
You have superior vitality. (+4 MHP)


Message History

You are too injured to fight recklessly!
You are too injured to fight recklessly!
You completely miss the sleepcap.
The sleepcap is severely damaged.
The sleepcap releases spores at you!
You hit the sleepcap.
The sleepcap is almost destroyed.
You hit the sleepcap but do no damage.
The sleepcap is almost destroyed.
The sleepcap releases spores at you.
* * * LOW HITPOINT WARNING * * *
You hit the sleepcap.
The sleepcap is almost destroyed.
The sleepcap releases spores at you but does no damage.
You hit the sleepcap but do no damage.
The sleepcap is almost destroyed.
The sleepcap releases spores at you but does no damage.
You hit the sleepcap but do no damage.
The sleepcap is almost destroyed.
The sleepcap misses you.
You hit the sleepcap.
The sleepcap is almost destroyed.
The sleepcap releases spores at you.
* * * LOW HITPOINT WARNING * * *
Casting: Magic Dart (safe; 1% risk of failure)
Confirm with . or Enter, or press ? or * to list all spells.
You can't see any susceptible monsters within range! (Use Z to cast anyway.)
Casting: Magic Dart (safe; 1% risk of failure)
Confirm with . or Enter, or press ? or * to list all spells.
Your hands begin to glow red.
* * * LOW HITPOINT WARNING * * *
The sleepcap barely misses you.
You hit the sleepcap but do no damage.
The sleepcap is almost destroyed.
The sleepcap releases spores at you.
* * * LOW HITPOINT WARNING * * *
You hit the sleepcap but do no damage.
The sleepcap appears confused.
The sleepcap is almost destroyed.
The sleepcap releases spores at you.
You die...

#######..##.....(......[.
#..#######.##.###.# #..#
#.# .# ...#######.##.#
#..............#
#.#########|#### #. #.#
########.# #.....f@.#
#.######## #. #. #. .. #.
#.


You could see a sleepcap (confused).

Vanquished Creatures
  A hound (D:2)
  2 orc priests (D:4)
  Jessica (D:2)
  2 sleepcaps
  2 orc wizards (D:4)
  8 mummies (Ossuary)
  3 gnolls (D:4)
  3 adders
  2 dart slugs (D:3)
  12 orcs
  7 ball pythons
  5 bats
  4 endoplasms
  6 giant cockroaches
  9 goblins
  5 hobgoblins
  10 jackals
  4 quokkas
  6 frilled lizards
  A hobgoblin zombie (Ossuary)
  9 kobolds
  A kobold zombie (Ossuary)
  6 orc zombies (Ossuary)
  7 rats
116 creatures vanquished.

Vanquished Creatures (collateral kills)
  Terence (D:2)
1 creature vanquished.

Vanquished Creatures (others)
  2 dancing weapons (D:4)
2 creatures vanquished.

Grand Total: 119 creatures vanquished

Notes
Turn   | Place    | Note
-------+----------+-------------------------------------------
     0 | D:1      | cforsyth the Djinni Enchanter began the quest for the Orb.
     0 | D:1      | cforsyth set off with the following spells memorised:
                  | Ensorcelled Hibernation, Confusing Touch, Tukima's Dance,
                  | Dazzling Flash.
     0 | D:1      | Reached XP level 1. HP: 15/15 MP: 0/0
   113 | D:1      | Reached XP level 2. HP: 18/22 MP: 0/0
   149 | D:1      | Reached skill level 1 in Fighting
   560 | D:2      | Reached XP level 3. HP: 27/27 MP: 0/0
   560 | D:2      | Learned a level 1 spell: Magic Dart
   564 | D:2      | Noticed Jessica
   947 | D:2      | Reached skill level 2 in Fighting
  1064 | D:2      | Reached XP level 4. HP: 24/34 MP: 0/0
  1087 | D:2      | Killed Jessica
  1088 | D:2      | Reached XP level 5. HP: 25/40 MP: 0/0
  1088 | D:2      | Learned a level 2 spell: Mercury Vapours
  1181 | D:2      | Noticed Terence
  1187 | D:2      | Killed Terence
  1188 | D:2      | Reached skill level 3 in Fighting
  1518 | D:3      | Found a shimmering altar of Xom.
  1519 | D:3      | Found a hazy altar of Hepliaklqana.
  1520 | D:3      | Noticed a spectral ugly thing
  1778 | D:3      | Found a sacrificial altar of Ru.
  2060 | D:3      | Found Enlypp's Distillery.
  3129 | D:4      | Reached XP level 6. HP: 39/47 MP: 0/0
  3692 | D:4      | Reached skill level 4 in Fighting
  4771 | D:4      | Reached XP level 7. HP: 46/53 MP: 0/0
  4771 | D:4      | Learned a level 3 spell: Sigil of Binding
  4945 | D:5      | Entered Level 5 of the Dungeon
  5067 | D:5      | Found a sand-covered staircase.
  5134 | Ossuary  | Entered an ossuary
  5413 | Ossuary  | Reached skill level 5 in Fighting
  5775 | D:5      | Slain by a sleepcap

Illustrated notes

Levels and vault maps discovered:
D:1:      scummos_arrival_simple_fountains, layout_rooms,
          kennysheep_flooded_box, hex_large
D:2:      layout_loops_ring, uniq_jessica, uniq_terence
D:3:      layout_loops_ring, regret_index_temple_of_mockery,
          nicolae_ru_the_path_less_chosen, serial_shops, shop_statue,
          minivault_11
D:4:      layout_rooms
D:5:      layout_loops_ring, chequers_temple_overflow_minitemple,
          mainiacjoe_overflow_alcove_1, grunt_temple_overflow_open,
          lightli_ossuary_entry_decrepit_ruins

Skill      XL: |  1  2  3  4  5  6  7 |
---------------+----------------------+-----
Spellcasting   | 3 4 |  4.9
Conjurations   | 3 4 |  4.9
Hexes          | 3 4 |  4.9
Summonings     | 3 4 |  4.9
Necromancy     | 3 4 |  4.9
Translocations | 3 4 |  4.9
Fire Magic     | 3 4 |  4.9
Ice Magic      | 3 4 |  4.9
Air Magic      | 3 4 |  4.9
Earth Magic    | 3 4 |  4.9
Alchemy        | 3 4 |  4.9
Fighting       | 1 2 3 4 5 |  5.1
Short Blades   | |  0.8
Dodging        | |  2.1
Stealth        | |  2.4

Action                     |  1- 3 |  4- 6 |  7- 9 || total
---------------------------+-------+-------+-------++-------
  Melee: Dagger            |    50 |    33 |    53 ||   136
         Punch             |       |       |     2 ||     2
   Cast: Magic Dart        |    51 |   179 |   104 ||   334
         Ensorcelled Hiber |     3 |     3 |       ||     6
         Tukima's Dance    |       |    10 |       ||    10
         Confusing Touch   |       |     4 |     1 ||     5
    Use: Potion            |       |     2 |     1 ||     3
         Scroll            |       |       |    10 ||    10
   Stab: Sleeping          |     6 |       |       ||     6
         Confused          |       |     1 |       ||     1
         Invisible         |       |     1 |       ||     1
 Armour: Robe              |    31 |    30 |    27 ||    88
         Skin              |       |       |    53 ||    53
  Dodge: Dodged            |    37 |    38 |    34 ||   109

Table legend: (Time is in decaauts)
 A = Elapsed time spent in this place.
 B = Non-inter-level travel time spent in this place.
 C = Inter-level travel time spent in this place.
 D = Time resting spent in this place.
 E = Time spent auto-exploring this place.
 F = Levels seen in this place.
 G = Mean time per level.
                   A        B        C        D        E       F      G
               +--------+--------+--------+--------+--------+-----+--------+
         Total |   5776 |   5659 |    117 |   1670 |   3027 |   6 |  962.7 |
       Dungeon |   5209 |   5092 |    117 |   1670 |   2585 |   5 | 1041.8 |
       Ossuary |    566 |    566 |      0 |      0 |    442 |   1 |  566.0 |
               +--------+--------+--------+--------+--------+-----+--------+

Top non-repeatable levels by time:
     D:3: 2417 daAuts
     D:4: 1079 daAuts
     D:2: 825 daAuts
     D:1: 626 daAuts
 Ossuary: 566 daAuts
     D:5: 260 daAuts
